Map: Тип C

Players

move

  • Race: Protoss Protoss
  • League: Diamond
  • Spawn Location: 3:00

Snippsnapp - Winner!

  • Race: Zerg Zerg
  • League: Diamond
  • Spawn Location: 9:00

VOD

Have the link to the VOD?

Description

Time

  • Played on: Oct. 22, 2022, 7:07 a.m.
  • Length: 19:07
Show
View Real Time Build Order
Export as new Build Order

move Protoss 

Build Orders: 1 Gate Expand, Oracle Opening, Carriers 

Get SALT Encoding   

  12  0:02  Probe  
  13  0:14  Probe  
  13  0:17  Pylon  
  14  0:27  Probe (Chrono Boost)  
  15  0:39  Probe (Chrono Boost)  
  15  0:40  Gateway  
  16  0:46  Probe (Chrono Boost)  
  16  0:49  Assimilator  
  17  0:53  Probe  
  18  1:05  Probe  
  19  1:17  Probe  
  20  1:27  Nexus  
  21  1:38  Cybernetics Core  
  20  1:43  Probe  
  21  1:50  Assimilator  
  21  1:53  Pylon  
  21  1:55  Probe (Chrono Boost)  
  22  2:06  Probe (Chrono Boost)  
  23  2:10  Probe (Chrono Boost)  
  23  2:13  Adept (Chrono Boost)  
  24  2:17  Warp Gate  
  24  2:21  Probe  
  27  2:33  Probe  
  27  2:35  Stargate  
  28  2:43  Probe  
  29  2:48  Probe  
  30  2:54  Stalker  
  30  2:55  Gateway  
  30  2:56  Probe  
  33  3:00  Probe  
  34  3:08  Probe  
  34  3:12  Probe  
  36  3:20  Probe  
  36  3:22  Oracle (Chrono Boost)  
  36  3:24  Probe  
  41  3:27  Adept  
  41  3:32  Probe  
  44  3:37  Probe  
  44  3:38  Pylon  
  44  3:41  Twilight Council  
  45  3:44  Probe  
  45  3:46  Pylon  
  46  3:56  Probe x2  
  48  4:04  Oracle  
  48  4:08  Probe  
  52  4:10  Assimilator x2  
  52  4:15  Probe  
  53  4:23  Blink (Chrono Boost)  
  51  4:25  Probe  
  51  4:29  Gateway  
  52  4:32  Gateway  
  52  4:39  Nexus  
  52  4:41  Probe, Pylon  
  52  4:42  Probe  
  54  4:53  Probe  
  54  4:54  Probe  
  56  5:03  Oracle  
  56  5:05  Probe  
  56  5:06  Probe  
  61  5:09  Pylon, Robotics Facility  
  61  5:17  Probe  
  61  5:18  Probe  
  63  5:26  Stalker x3  
  69  5:29  Probe  
  69  5:30  Probe  
  69  5:31  Pylon  
  69  5:34  Pylon  
  69  5:35  Shield Battery  
  71  5:41  Probe  
  72  5:46  Probe  
  73  5:50  Probe, Oracle  
  77  5:59  Gateway  
  77  6:00  Gateway, Probe  
  77  6:02  Gateway  
  77  6:04  Gateway  
  78  6:05  Stalker  
  78  6:06  Gateway, Probe x2  
  78  6:10  Charge  
  82  6:14  Probe  
  82  6:18  Probe, Warp Prism (Chrono Boost)  
  86  6:25  Oracle (Chrono Boost)  
  86  6:26  Stalker  
  86  6:28  Stalker  
  86  6:31  Stalker  
  95  6:46  Stalker  
  97  6:51  Pylon  
  97  6:52  Stalker  
  97  6:53  Pylon x2  
  99  6:55  Pylon  
  99  6:56  Pylon  
  99  6:57  Pylon  
  99  7:01  Stalker x3  
  105  7:12  Stalker x4  
  113  7:17  Stalker  
  115  7:27  Stalker x3  
  121  7:37  Stalker x4  
  129  7:44  Zealot  
  129  7:50  Stalker x3  
  137  8:03  Zealot x2  
  137  8:04  Zealot x3  
  128  8:16  Zealot x3  
  134  8:24  Zealot x5  
  128  8:35  Probe x2  
  128  8:40  Probe  
  128  8:41  Fleet Beacon  
  131  8:43  Stalker  
  131  8:44  Stalker x3  
  107  9:04  Immortal  
  109  9:12  Stalker  
  109  9:13  Zealot x7  
  107  9:38  Zealot x4  
  107  9:39  Carrier (Chrono Boost), Zealot x4  
  107  9:42  Stargate  
  107  9:45  Robotics Bay  
  129  9:46  Probe  
  129  9:49  Assimilator x2  
  129  9:50  Robotics Facility  
  120  9:55  Immortal  
  116  10:04  Probe x2  
  120  10:19  Nexus  
  120  10:21  Pylon  
  106  10:27  Carrier (Chrono Boost)  
  106  10:28  Probe x2  
  114  10:29  Probe  
  115  10:40  Carrier (Chrono Boost)  
  121  10:44  Forge  
  121  10:48  Disruptor (Chrono Boost)  
  121  10:49  Protoss Air Weapons Level 1 (Chrono Boost)  
  124  10:55  Probe, Disruptor (Chrono Boost)  
  128  10:59  Zealot x7  
  128  11:00  Zealot  
  144  11:13  Carrier (Chrono Boost)  
  144  11:16  Disruptor (Chrono Boost)  
  150  11:20  Disruptor (Chrono Boost)  
  154  11:37  Photon Cannon  
  154  11:38  Photon Cannon x2  
  154  11:39  Pylon  
  140  11:40  Nexus  
  140  11:42  Nexus  
  140  11:45  Pylon  
  140  11:51  Disruptor  
  143  12:02  Carrier  
  151  12:26  Disruptor  
  154  12:32  Carrier  
  154  12:33  Protoss Shields Level 1 (Chrono Boost), Observer  
  154  12:36  Pylon  
  158  12:38  Pylon  
  158  12:40  Protoss Air Weapons Level 2 (Chrono Boost)  
  158  12:44  Pylon  
  158  13:02  Sentry  
  147  13:34  Carrier (Chrono Boost)  
  147  13:35  Disruptor  
  147  13:36  Disruptor  
  164  13:45  Carrier (Chrono Boost)  
  164  13:54  Pylon  
  164  13:57  Stargate  
  164  13:59  Gateway, Cybernetics Core  
  164  14:05  Disruptor  
  150  14:12  Observer  
  154  14:25  Probe  
  155  14:37  Carrier  
  161  14:41  Observer  
  162  14:54  Protoss Air Weapons Level 3 (Chrono Boost)  
  168  15:00  Nexus, Carrier  
  168  15:02  Pylon  
  168  15:04  Protoss Air Armor Level 1 (Chrono Boost)  
  168  15:05  Pylon  
  160  15:21  Templar Archives  
  160  15:23  Protoss Shields Level 2  
  164  15:29  Void Ray  
  163  15:38  Zealot x2  
  163  15:39  Zealot x6  
  179  15:59  High Templar x2  
  179  16:03  Archon  
  135  16:30  Carrier  
  137  16:37  High Templar  
  137  16:38  Probe  
  140  16:43  High Templar  
  140  16:47  Zealot x6  
  144  16:50  Archon  
  152  17:12  Nexus  
  152  17:13  Pylon  
  152  17:16  Pylon  
  152  17:18  Photon Cannon x2  
  152  17:28  Carrier  
  152  17:29  Pylon  
  150  17:47  High Templar x2  
  134  18:04  High Templar x2  
  132  18:06  Probe  
  132  18:07  Probe  
  132  18:08  Archon  
  134  18:17  Probe  
  134  18:18  Assimilator  
  134  18:19  Probe  
  137  18:20  Assimilator  
  136  18:27  Archon  
  136  18:34  Probe x2  
  130  18:55  Photon Cannon  
  130  18:57  Photon Cannon  
Show
View Real Time Build Order
Export as new Build Order

Snippsnapp Zerg - Winner!

Build Orders: Hatch First, Brood Lord Corruptor, Lurkers, Roach Hydra 

Get SALT Encoding   

  12  0:00  Drone  
  13  0:13  Overlord  
  13  0:17  Drone  
  14  0:31  Drone x2  
  14  0:35  Drone  
  17  0:45  Drone  
  18  0:55  Hatchery  
  17  0:57  Drone  
  17  1:00  Extractor  
  17  1:12  Spawning Pool  
  17  1:15  Drone  
  17  1:18  Drone  
  18  1:28  Drone  
  19  1:44  Drone  
  19  1:45  Hatchery  
  19  1:55  Drone  
  19  2:01  Drone  
  21  2:07  Overlord, Queen  
  23  2:11  Drone  
  24  2:17  Drone  
  25  2:24  Zergling x2  
  25  2:29  Metabolic Boost  
  26  2:31  Queen  
  26  2:34  Zergling x2  
  26  2:36  Drone  
  30  2:39  Drone  
  30  2:43  Drone  
  32  2:50  Overlord  
  32  2:54  Queen  
  32  2:58  Drone  
  35  2:59  Drone  
  35  3:01  Drone  
  37  3:06  Queen  
  37  3:09  Drone  
  37  3:11  Drone  
  41  3:14  Drone  
  41  3:15  Drone  
  43  3:21  Drone x3  
  43  3:24  Drone  
  47  3:28  Drone x2  
  47  3:31  Overlord  
  49  3:39  Lair  
  49  3:42  Drone  
  49  3:45  Evolution Chamber  
  49  3:49  Spore Crawler  
  49  3:51  Drone x2, Spore Crawler  
  49  3:52  Drone x2  
  49  3:53  Drone  
  52  3:58  Drone  
  52  3:59  Drone x2  
  55  4:05  Drone x3  
  58  4:13  Overlord x3  
  57  4:21  Roach Warren  
  57  4:22  Extractor, Zergling x6  
  58  4:27  Extractor  
  58  4:28  Zerg Missile Weapons Level 1  
  57  4:34  Drone x2  
  57  4:35  Drone x6  
  65  4:38  Queen  
  67  4:46  Overseer  
  67  4:50  Drone x3  
  70  5:03  Drone x3  
  70  5:04  Drone x3  
  76  5:12  Overlord x3  
  76  5:17  Extractor x2  
  76  5:18  Drone x3, Glial Reconstitution  
  76  5:19  Extractor, Hatchery  
  75  5:25  Zergling x14  
  82  5:32  Zergling x4  
  85  5:46  Drone  
  85  5:47  Drone x2  
  85  5:48  Hydralisk Den  
  87  5:51  Drone x3  
  87  5:53  Extractor  
  89  5:58  Drone x7  
  96  6:05  Roach  
  96  6:07  Drone  
  99  6:12  Overlord  
  99  6:15  Spore Crawler  
  99  6:17  Grooved Spines  
  99  6:18  Drone x2  
  100  6:20  Extractor  
  100  6:22  Extractor  
  100  6:23  Hydralisk  
  100  6:24  Hydralisk x3  
  106  6:28  Overlord  
  106  6:30  Zerg Missile Weapons Level 2  
  106  6:32  Drone x3  
  109  6:33  Drone x2  
  109  6:34  Queen  
  109  6:35  Drone x4  
  117  6:43  Drone x3  
  117  6:46  Overlord  
  120  6:49  Zergling x2  
  120  6:50  Zergling x2  
  120  6:52  Zergling x4  
  120  6:53  Hydralisk  
  120  6:54  Hydralisk  
  126  6:58  Overlord  
  126  6:59  Lurker Den  
  127  7:03  Overlord  
  127  7:04  Overlord x7  
  127  7:08  Hydralisk x2  
  129  7:12  Pneumatized Carapace  
  129  7:13  Hydralisk  
  129  7:14  Hydralisk  
  135  7:19  Hydralisk x4  
  135  7:22  Hydralisk  
  143  7:25  Hydralisk  
  143  7:29  Hydralisk x5  
  155  7:33  Hydralisk  
  159  7:40  Hydralisk  
  159  7:41  Hydralisk x2  
  164  7:48  Overseer  
  164  7:49  Overseer x2  
  164  7:51  Hydralisk x6  
  174  8:02  Zergling x2  
  174  8:03  Zergling x18  
  176  8:13  Zergling x8  
  176  8:17  Roach x6  
  185  8:26  Roach x7  
  194  8:34  Hydralisk x3  
  191  8:39  Drone  
  198  8:41  Infestation Pit  
  198  8:44  Hydralisk  
  198  8:47  Overlord  
  198  8:48  Overlord  
  199  8:53  Hatchery  
  199  8:54  Extractor  
  184  8:57  Extractor  
  178  9:05  Zerg Ground Armor Level 1  
  178  9:06  Hydralisk x6  
  178  9:07  Hydralisk x5  
  191  9:20  Zergling x12  
  197  9:29  Muscular Augments  
  192  9:37  Hive  
  192  9:39  Drone x4  
  194  9:52  Hydralisk  
  184  9:53  Hydralisk x7  
  198  10:04  Hydralisk x3  
  196  10:22  Lurker x2  
  196  10:23  Hydralisk  
  200  10:46  Spire  
  199  10:59  Zerg Melee Weapons Level 1  
  195  11:20  Lurker x9  
  195  11:24  Adaptive Talons  
  195  11:25  Overseer  
  198  11:26  Overseer x3  
  198  11:39  Spore Crawler  
  196  11:41  Zergling x2, Spine Crawler  
  196  11:42  Zergling x2  
  197  12:21  Seismic Spines  
  194  12:23  Greater Spire  
  194  12:27  Spire  
  193  12:52  Extractor  
  193  12:53  Hatchery, Zerg Missile Weapons Level 3  
  191  13:01  Extractor  
  187  13:25  Corruptor x5  
  187  13:26  Corruptor x21  
  167  13:49  Zerg Flyer Armor Level 1  
  167  13:50  Zerg Flyer Weapons Level 1  
  167  13:58  Brood Lord  
  167  13:59  Overlord, Brood Lord x6  
  167  14:00  Overlord x2  
  167  14:01  Zergling x34  
  198  14:04  Overlord x6  
  198  14:15  Drone  
  198  14:16  Drone  
  200  14:18  Spine Crawler  
  200  14:20  Spine Crawler  
  198  14:34  Hatchery  
  198  14:37  Hatchery  
  196  14:47  Queen  
  196  14:49  Spine Crawler  
  194  14:56  Drone x3  
  196  15:30  Zerg Ground Armor Level 2  
  196  15:35  Extractor  
  196  15:36  Extractor  
  196  15:38  Spore Crawler, Spine Crawler  
  196  15:40  Drone x3  
  195  15:51  Drone  
  193  15:57  Corruptor  
  193  15:58  Corruptor x2  
  185  16:17  Corruptor  
  185  16:18  Corruptor x14  
  158  16:26  Corruptor x7  
  158  16:27  Corruptor x10  
  171  16:33  Zergling x8  
  171  16:34  Zergling x14  
  164  16:43  Zerg Flyer Armor Level 2  
  164  16:45  Zerg Flyer Weapons Level 2, Corruptor x4  
  172  16:56  Zergling x8  
  172  16:57  Zergling x10  
  172  17:00  Queen  
  183  17:06  Drone  
  183  17:07  Drone x2  
  171  17:24  Zergling x2  
  171  17:25  Zergling x26  
  166  18:02  Hydralisk x6  
  166  18:03  Hydralisk x7  
  186  18:38  Hydralisk x6  
Tags
 
Add a new tag
Caveats
  • Supply blocks, unpowered buildings, or Contaminate may cause inaccurate times.
  • Supply counts are checked every 10 seconds.